 Dungeon Crawl Stone Soup version 0.26-a0-597-gb535b0901c (webtiles) character file.

Game seed: 3394917082657714998

8965 Alarkh the Martial Artist (level 11, -12/77 HPs)
             Began as an Octopode Monk on Aug 31, 2020.
             Was a Believer of Uskayaw.
             Mangled by a seven-headed hydra (15 damage)
             ... on level 2 of the Lair of Beasts.
             The game lasted 00:15:25 (12777 turns).

Alarkh the Martial Artist (Octopode Monk)          Turns: 12777, Time: 00:15:26

Health: -12/77     AC:  1    Str: 10    XL:     11   Next: 39%
Magic:  16/16      EV: 15    Int: 22    God:    Uskayaw [**....]
Gold:   677        SH:  9    Dex: 15    Spells: 7/10 levels left

rFire    . . .     SeeInvis .     - Unarmed
rCold    . . .     Faith    +   G - +2 kite shield
rNeg     + . .     Spirit   .   (helmet restricted)
rPois    .         Reflect  .   v - amulet of faith
rElec    .         Harm     .   p - ring of positive energy
rCorr    +                      B - ring of resist corrosion
MR       .....                  a - ring of stealth
Stlth    +++++++...             m - +6 ring of intelligence
HPRegen  0.22/turn              s - ring of wizardry
MPRegen  0.15/turn              (no ring)
                                (no ring)
                                (no ring)

@: mighty
A: almost no armour, stealthy swim, amphibious, 8 rings, constrict 8, camouflage
1, gelatinous body 1
a: Stomp, Line Pass, Renounce Religion


You were on level 2 of the Lair of Beasts.
You worshipped Uskayaw.
Uskayaw was noncommittal.
You visited 2 branches of the dungeon, and saw 12 of its levels.
You also visited: Bailey.

You collected 923 gold pieces.
You spent 246 gold pieces at shops.

Inventory:

Armour
 f - a +0 buckler of reflection
 G - a +2 kite shield (worn)
Magical Staves
 x - an uncursed staff of earth
Jewellery
 a - a ring of stealth (on tentacle)
 m - a +6 ring of intelligence (on tentacle)
 p - a ring of positive energy (left tentacle)
 s - a ring of wizardry (on tentacle)
 v - an amulet of faith (around mantle)
 B - a ring of resist corrosion (right tentacle)
Wands
 c - a wand of iceblast (4)
 g - a wand of flame (65)
 y - a wand of paralysis (18)
 z - a wand of random effects (21)
 C - a wand of enslavement (9)
 D - a wand of polymorph (5)
Scrolls
 b - 5 scrolls of teleportation
 d - 2 scrolls of enchant armour
 i - 2 scrolls of blinking
 j - 3 scrolls of fog
 l - 4 scrolls of magic mapping
 o - 7 scrolls of remove curse
 r - a scroll of identify
 w - 2 scrolls of enchant weapon {unknown}
 A - a scroll of silence
 E - a scroll of noise {unknown}
 F - a scroll of amnesia {unknown}
Potions
 e - 3 potions of curing
 h - 2 potions of cancellation
 k - 2 potions of brilliance
 n - 2 potions of degeneration
 q - 2 potions of flight
 u - 3 potions of lignification


   Skills:
 + Level 7.8 Fighting
 + Level 7.8 Dodging
 + Level 10.6 Stealth
 + Level 1.6 Shields
 * Level 10.7 Unarmed Combat
 + Level 6.9 Invocations


You had 7 spell levels left.
You knew the following spells:

 Your Spells              Type           Power        Failure   Level
a - Confusing Touch       Hex            #.......     69%         3

Your spell library contained the following spells:

 Spells                   Type           Power        Failure   Level
 Corona                   Hex            #......      34%         1
 Magic Dart               Conj           #...         34%         1
 Summon Small Mammal      Summ           #...         34%         1
 Call Imp                 Summ           #.......     45%         2
 Ensorcelled Hibernation  Hex/Ice        #.....       45%         2
 Searing Ray              Conj           #.....       45%         2
 Call Canine Familiar     Summ           #.......     69%         3
 Dazzling Flash           Conj/Hex       #.....       69%         3
 Gell's Gravitas          Tloc           #.........   69%         3
 Summon Guardian Golem    Hex/Summ       #.......     69%         3
 Tukima's Dance           Hex            #.......     69%         3
 Fulminant Prism          Conj/Hex       #.........   97%         4
 Iskenderun's Mystic Bla  Conj/Tloc      #.......     97%         4
 Petrify                  Tmut/Erth      #.......     97%         4
 Summon Ice Beast         Ice/Summ       #.......     97%         4
 Summon Lightning Spire   Summ/Air       #.......     97%         4
 Metabolic Englaciation   Hex/Ice        #.........   100%        5
 Yara's Violent Unravell  Hex/Tmut       #.........   100%        5


Dungeon Overview and Level Annotations

Branches:
Dungeon (10/15)            Temple (0/1) D:7            Lair (2/6) D:8
 Bailey (visited)
  Swamp: Lair:2-4    Shoals: Lair:2-4     Snake: Lair:2-4    Spider: Lair:2-4
    Orc: D:9-12

Altars:
Ashenzari
Cheibriados
Elyvilon
Gozag
Hepliaklqana
Kikubaaqudgha
Makhleb
Okawaru
Qazlal
Ru
Uskayaw
Vehumet
Xom
Zin

Shops:
D:7 !   D:8 ?(


Innate Abilities, Weirdness & Mutations

You cannot wear most types of armour.
You are very stealthy in the water. (Stealth+)
You are amphibious.
You can wear up to eight rings at the same time.
You can use your tentacles to constrict eight enemies at once.
Your skin changes colour to match your surroundings (Stealth+).
Your rubbery body absorbs attacks. (AC +1, EV +1)


Message History

The seven-headed hydra is almost dead.
The seven-headed hydra bites you.
* * * LOW HITPOINT WARNING * * *
The seven-headed hydra barely misses you. x2
The seven-headed hydra misses you.
The seven-headed hydra barely misses you.
The seven-headed hydra bites you.
* * * LOW HITPOINT WARNING * * *
The seven-headed hydra closely misses you.
You completely miss the seven-headed hydra.
You squeeze the seven-headed hydra!
The seven-headed hydra is almost dead.
The seven-headed hydra misses you.
The seven-headed hydra completely misses you.
The seven-headed hydra bites you.
* * * LOW HITPOINT WARNING * * *
The seven-headed hydra misses you. The seven-headed hydra bites you!
* * * LOW HITPOINT WARNING * * *
The seven-headed hydra bites you!
You die...

##........# #.............
#.........##
##..#..........
#......<...#
#...#..........
...........# #..#..........
##.##.##...# #.............
###....## ###..#...#......
##..#.####.#.............
#...#..###..............
#......@D...............
..............††..........
...........................
#.##.#.#####P#.#.#..##P.##.
## ##### #######.########
###


You could see a seven-headed hydra.

Vanquished Creatures
  Harold (D:8)
  Erica (D:9)
  Sonja (Lair:1)
  2 orc knights (Bailey)
  An elephant (D:8)
  Maggie (D:8)
  A troll (D:9)
  A wyvern (D:8)
  A yak (D:8)
  Sigmund (D:6)
  A wraith (D:10)
  A steam dragon (D:9)
  A basilisk (D:8)
  Menkaure (D:6)
  Duvessa (D:7)
  2 water moccasins
  3 porcupines (Lair:1)
  A sky beast (D:8)
  An orc warrior (Bailey)
  2 phantoms
  A black bear (D:8)
  2 ice beasts
  4 ogres
  A necrophage (D:8)
  3 crocodiles
  A centaur (D:8)
  8 bullfrogs
  Dowan (D:7)
  A water moccasin skeleton (D:7)
  7 killer bees (D:9)
  8 wights
  2 howler monkeys
  5 orc priests
  A centaur zombie (D:8)
  A bullfrog skeleton (D:5)
  3 centaur skeletons
  A hound (D:6)
  3 iguanas
  Natasha (thrice) (D:3)
  3 orc wizards
  6 worker ants
  A hound skeleton (D:8)
  A worker ant zombie (D:8)
  6 gnolls
  9 adders
  A shadow imp (D:8)
  A white imp (D:10)
  2 ufetubi
  2 oozes
  An adder zombie (D:5)
  2 adder skeletons
  3 worms
  3 dart slugs
  6 leopard geckos
  28 orcs
  A ball python (D:5)
  A giant cockroach (D:1)
  8 goblins
  9 hobgoblins
  8 jackals
  17 kobolds
  4 quokkas
  10 bats
  2 frilled lizards
  A quokka skeleton (D:4)
  A quokka zombie (D:5)
  7 rats
225 creatures vanquished.

Vanquished Creatures (others)
  A plant (D:8)
1 creature vanquished.

Grand Total: 226 creatures vanquished

Notes
Turn   | Place    | Note
-------+----------+-------------------------------------------
     0 | D:1      | Alarkh the Octopode Monk began the quest for the Orb.
     0 | D:1      | Reached XP level 1. HP: 16/16 MP: 1/1
   125 | D:1      | Reached XP level 2. HP: 21/21 MP: 2/2
   335 | D:1      | Reached XP level 3. HP: 26/26 MP: 3/3
   686 | D:2      | Found a glowing silver altar of Zin.
   889 | D:2      | Reached XP level 4. HP: 24/31 MP: 4/4
  1178 | D:2      | You fall into a shaft and drop 2 floors!
  1302 | D:4      | Found a hazy altar of Hepliaklqana.
  1376 | D:3      | Noticed Natasha
  1386 | D:3      | Killed Natasha
  1524 | D:3      | Noticed Natasha
  1530 | D:3      | Killed Natasha
  1530 | D:3      | Reached XP level 5. HP: 21/36 MP: 5/5
  2100 | D:3      | Noticed Natasha
  2108 | D:3      | Killed Natasha
  2158 | D:3      | Reached XP level 6. HP: 28/43 MP: 6/6
  2985 | D:4      | Reached skill level 5 in Unarmed Combat
  3411 | D:4      | Found a shimmering altar of Xom.
  3538 | D:5      | Entered Level 5 of the Dungeon
  3555 | D:5      | Reached skill level 5 in Stealth
  3644 | D:5      | Found a hide-covered altar of Uskayaw.
  3657 | D:5      | Became a worshipper of Uskayaw the Reveler
  3657 | D:5      | Reached * piety under Uskayaw
  3679 | D:5      | Reached ** piety under Uskayaw
  3796 | D:5      | Learned a level 3 spell: Confusing Touch
  3810 | D:5      | Reached XP level 7. HP: 37/49 MP: 1/7
  3912 | D:5      | Reached *** piety under Uskayaw
  4682 | D:5      | Reached skill level 1 in Invocations
  4839 | D:5      | Found a sacrificial altar of Ru.
  5049 | D:6      | Noticed Sigmund
  5056 | D:6      | Killed Sigmund
  5056 | D:6      | Reached XP level 8. HP: 52/54 MP: 7/9
  5138 | D:6      | Found a white marble altar of Elyvilon.
  5332 | D:6      | Noticed Menkaure
  5339 | D:6      | Killed Menkaure
  5339 | D:6      | Reached skill level 5 in Dodging
  5434 | D:6      | HP: 2/54 [ogre/+0 giant club (27)]
  5439 | D:6      | Reached skill level 5 in Fighting
  5693 | D:7      | Found Gosufewk's Distillery.
  5702 | D:7      | Found a shattered altar of Ashenzari.
  5703 | D:7      | Noticed Dowan
  5710 | D:7      | Noticed Duvessa
  5714 | D:7      | Bought a potion of lignification for 39 gold pieces
  5739 | D:7      | Killed Duvessa
  5743 | D:7      | Reached **** piety under Uskayaw
  5745 | D:7      | Killed Dowan
  5806 | D:7      | Bought a potion of flight for 39 gold pieces
  5806 | D:7      | Bought a potion of lignification for 39 gold pieces
  5806 | D:7      | Bought a potion of lignification for 39 gold pieces
  6104 | D:7      | Found a staircase to the Ecumenical Temple.
  6122 | D:7      | Found an iron altar of Okawaru.
  6122 | D:7      | Found an opulent altar of Gozag.
  6257 | D:7      | Reached XP level 9. HP: 36/61 MP: 11/11
  6336 | D:7      | Found a snail-covered altar of Cheibriados.
  7139 | D:8      | Noticed Maggie
  7153 | D:8      | Killed Maggie
  7755 | D:8      | Found Lovyst's Magic Scroll Boutique.
  7756 | D:8      | Found an ancient bone altar of Kikubaaqudgha.
  7772 | D:8      | Bought a scroll of blinking for 90 gold pieces
  7783 | D:8      | Found a radiant altar of Vehumet.
  7828 | D:8      | Found a staircase to the Lair.
  7828 | D:8      | Noticed an elephant
  7846 | D:8      | Killed an elephant
  7849 | D:8      | Reached ***** piety under Uskayaw
  7854 | D:8      | Reached ****** piety under Uskayaw
  8094 | D:8      | Noticed Harold
  8111 | D:8      | Killed Harold
  8111 | D:8      | Reached skill level 5 in Invocations
  8111 | D:8      | Reached XP level 10. HP: 41/69 MP: 12/14
  8179 | D:8      | Found Yfoymas's Weapon Emporium.
  8338 | D:8      | Found a burning altar of Makhleb.
  9196 | D:9      | Found a stormy altar of Qazlal.
  9745 | D:9      | Noticed Erica
  9766 | D:9      | Killed Erica
 10475 | D:9      | Reached skill level 10 in Unarmed Combat
 10616 | D:10     | Entered Level 10 of the Dungeon
 10706 | D:10     | Found a flagged portal.
 10757 | Bailey   | Entered a bailey
 10798 | Bailey   | Reached skill level 10 in Stealth
 10894 | Bailey   | Found a burning altar of Makhleb.
 10894 | Bailey   | Noticed an orc knight
 10894 | Bailey   | Noticed an orc knight
 10938 | Bailey   | Killed an orc knight
 10938 | Bailey   | Reached XP level 11. HP: 75/75 MP: 15/15
 10940 | Bailey   | Killed an orc knight
 11863 | Lair:1   | Entered Level 1 of the Lair of Beasts
 11969 | Lair:1   | Reached skill level 1 in Shields
 12139 | Lair:1   | Noticed Sonja
 12149 | Lair:1   | Killed Sonja
 12745 | Lair:2   | Noticed a seven-headed hydra
 12777 | Lair:2   | HP: 3/77 [seven-headed hydra (14)]
 12777 | Lair:2   | Mangled by a seven-headed hydra

Illustrated notes

Levels and vault maps discovered:
D:1:      psy_arrival_spokes, layout_loops_ring
D:2:      layout_basic, lemuel_round_altar, glass_columns_b
D:3:      layout_loops_cross, guppyfry_early_lair_pool, uniq_natasha
D:4:      layout_basic, nicolae_overflow_crystal_walls, xom_teletrap_fun
D:5:      layout_basic, kennysheep_mini_moat, nicolae_ru_path_of_blood
D:6:      layout_gridville, elyvilon_altar_5, uniq_menkaure, uniq_sigmund
D:7:      layout_basic, cheibrodos_ashenzari_chains,
          chequers_temple_overflow_statue_of_worship, overflow_temple_1_default,
          minmay_temple_entry_wispy, serial_shops, shop,
          kennysheep_generic_room_12, uniq_duvessa
D:8:      layout_gridville, makhleb_blood_cavern_becter, lemuel_round_altar,
          fiery_altar_vehumet, david_lair_generic, serial_shops, shop, shop,
          uniq_harold, uniq_maggie
D:9:      layout_basic, grunt_qazlal_clouds, uniq_erica
D:10:     layout_loops_corners, enter_bailey_2
Lair:1:   layout_big_grid, grunt_megastairs_4, uniq_sonja
Lair:2:   layout_chaotic_city, grunt_forest_large_clearings

Skill      XL: |  1  2  3  4  5  6  7  8  9 10 11 |
---------------+----------------------------------+-----
Stealth        | 3 4 5 6 7 9 10 | 10.6
Unarmed Combat | 4 5 6 7 9 10 | 10.7
Dodging        | 4 5 6 7 |  7.8
Fighting       | 4 5 6 7 |  7.8
Invocations    | 1 3 5 6 |  6.9
Shields        | 1 |  1.6

Action                   |  1- 3 |  4- 6 |  7- 9 | 10-12 || total
-------------------------+-------+-------+-------+-------++-------
Melee: Unarmed           |    70 |   134 |   249 |   275 ||   728
       Constrict         |    20 |    28 |    35 |    41 ||   124
       Tentacles         |    13 |    22 |    35 |    46 ||   116
       Punch             |     1 |    11 |    10 |    19 ||    41
Evoke: Wand              |       |       |       |     5 ||     5
  Use: Scroll            |     5 |     1 |     3 |     3 ||    12
       Potion            |       |     5 |     9 |     8 ||    22
 Stab: Sleeping          |    10 |     7 |    18 |    22 ||    57
       Distracted        |       |     1 |       |       ||     1
       Paralysed         |       |       |    18 |    13 ||    31
       Invisible         |       |       |       |     1 ||     1
Armor: Skin              |     5 |     5 |    35 |     3 ||    48
Dodge: Dodged            |    33 |    64 |   121 |   187 ||   405
Block: Buckler           |       |       |       |    11 ||    11
       Kite shield       |       |       |       |     6 ||     6
       Reflection        |       |       |       |     2 ||     2

Table legend: (Time is in decaauts)
 A = Elapsed time spent in this place.
 B = Non-inter-level travel time spent in this place.
 C = Inter-level travel time spent in this place.
 D = Time resting spent in this place.
 E = Time spent auto-exploring this place.
 F = Levels seen in this place.
 G = Mean time per level.
                   A        B        C        D        E       F      G
               +--------+--------+--------+--------+--------+-----+--------+
         Total |  12676 |  12284 |    392 |   3212 |   7401 |  13 |  975.1 |
       Dungeon |  11469 |  11109 |    360 |   3068 |   6653 |  10 | 1146.9 |
          Lair |    907 |    875 |     32 |    144 |    584 |   2 |  453.5 |
        Bailey |    299 |    299 |      0 |      0 |    164 |   1 |  299.0 |
               +--------+--------+--------+--------+--------+-----+--------+

Top non-repeatable levels by time:
     D:7: 1647 daAuts
     D:8: 1643 daAuts
     D:9: 1642 daAuts
     D:5: 1295 daAuts
     D:3: 1290 daAuts
    D:10: 893 daAuts
     D:4: 893 daAuts
     D:6: 820 daAuts
  Lair:1: 812 daAuts
     D:2: 692 daAuts
     D:1: 650 daAuts
  Bailey: 299 daAuts
  Lair:2: 94 daAuts
